 Dungeon Crawl Stone Soup version 0.32-a0-136-gc02482b (webtiles) character file.

Game seed: 12803221230653751341

325 Dorkslayer the Ruffian (level 6, -1/39 (42) HPs)
             Began as an Octopode Fighter on Feb 10, 2024.
             Was an Initiate of Okawaru.
             Slain by a wight
             ... wielding a +0 mace
              (13 damage)
             ... on level 4 of the Dungeon.
             The game lasted 00:07:40 (2671 turns).

Dorkslayer the Ruffian (Octopode Fighter)           Turns: 2671, Time: 00:07:41

HP:   -1/39 (42)    AC:  1    Str: 17    XL:     6   Next: 48%
MP:   6/6           EV: 18    Int: 10    God:    Okawaru [......]
Gold: 145           SH:  4    Dex: 12    Spells: 5/5 levels left

rFire   . .          .
                       - Unarmed
rCold   . . .        a - +0 buckler
rNeg    . . .        (helmet restricted)
rPois   .            (no amulet)
rElec   .            h - +5 ring of evasion
rCorr   .            (no ring)
SInv    .            (no ring)
Will    .....        (no ring)
Stlth   +++          (no ring)
HPRegen 0.26/turn    (no ring)
MPRegen 0.10/turn    (no ring)
                     (no ring)

%: no passive effects
@: drained
A: almost no armour, amphibious, 8 rings, camouflage 1, gelatinous body 1,
(nimble swimmer 1), tentacles
a: Renounce Religion


You were on level 4 of the Dungeon.
You worshipped Okawaru.
Okawaru was noncommittal.
You visited 2 branches of the dungeon, and saw 5 of its levels.

You collected 145 gold pieces.

Inventory:

Hand Weapons
 b - a +3 hand axe of draining
 c - a +0 hand axe
 g - a +0 flail
Missiles
 k - 2 boomerangs (quivered)
Armour
 a - a +0 buckler (worn)
Jewellery
 h - a +5 ring of evasion (left tentacle)
Talismans
 f - a maw talisman
Scrolls
 e - a scroll of enchant weapon
 j - a scroll of immolation {unknown}
 o - a scroll of acquirement {unknown}
 p - a scroll of fog {unknown}
Potions
 d - a potion of resistance {unknown}
 i - a potion of haste {unknown}
 l - a potion of degeneration {unknown}
 m - a potion of brilliance {unknown}
 n - a potion of might


   Skills:
 + Level 3.4 Fighting
 + Level 3.8 Dodging
 + Level 3.0 Stealth
 + Level 3.5 Shields
 + Level 4.9 Unarmed Combat
 * Level 0.7 Shapeshifting


You had 5 spell levels left.
You didn't know any spells.
Your spell library contained the following spells:

 Spells                   Type           Power      Damage    Failure   Level
 Kiss of Death            Conj/Necr      0%         2d5       43%         1
 Confusing Touch          Hex            0%         N/A       82%         3
 Dispel Undead            Necr           0%         3d6       99%         4


Dungeon Overview and Level Annotations

Branches:
Dungeon (4/15)             Temple (1/1) D:4

Altars:
Ashenzari
Cheibriados
Dithmenos
Elyvilon
Fedhas
Hepliaklqana
Kikubaaqudgha
Makhleb
Okawaru
Qazlal
Ru
Sif Muna
Trog
Uskayaw
Vehumet
Wu Jian
Xom
Yredelemnul
Zin

Annotations:
Temple 2 transporters


Innate Abilities, Weirdness & Mutations

You cannot wear most types of armour.
You are amphibious.
You can wear up to eight rings at the same time.
Your skin changes colour to match your surroundings (Stealth+).
Your rubbery body absorbs attacks. (AC +1, EV +1)
((You are camouflaged when in or above water. (Stealth+)))
You have tentacles for arms and can constrict up to eight enemies at once.


Message History

Found a glowing silver altar of Zin.
There is a shimmering altar of Xom here.
There is an iron altar of Okawaru here.
You curl up in front of the altar of Okawaru.
Okawaru welcomes you!
There is a shimmering altar of Xom here.
There is a transporter here.
You enter the transporter and appear at another place.
There is a staircase back to the Dungeon here.
You can't go down here!
You climb upwards.
Welcome back to the Dungeon!
The wight closely misses you. The wight completely misses you.
The wight hits you with a +0 long sword!
The wight hits you with a +0 mace!
You feel drained.
A gnoll comes into view. It is wielding a +0 club.
You block the wight's attack.
There is a staircase to the Ecumenical Temple, spattered with blood here.
You block the wight's attack. The wight attacks as it pursues you!
The wight hits you with a +4 short sword.
You feel drained. The wight attacks as it pursues you!
You block the wight's attack. The wight attacks as it pursues you!
The wight closely misses you. The wight barely misses you.
The kobold attacks as it pursues you! The kobold barely misses you.
The kobold attacks as it pursues you! The kobold completely misses you.
The kobold attacks as it pursues you!
The kobold hits you with a +0 short sword.
* * * LOW HITPOINT WARNING * * *
The kobold attacks as it pursues you! The kobold closely misses you.
You tentacle-slap the kobold. You grab the kobold.
Your tentacle-slap misses the kobold.
You squeeze the kobold.
You kill the kobold!
Okawaru accepts your kill.
You tentacle-slap the wight but do no damage.
Your grab misses the wight. The wight closely misses you.
You tentacle-slap the wight. You grab the wight.
The wight is moderately damaged.
You constrict the wight, but do no damage.
The wight hits you with a +0 mace!
You die...

...,,.............#
.#***#..#.#.#.#.#.#
.#***#............#####
.#*,,........##.......#
.#*,*#..#...###z#####.#
.#*,*#..#...###..[#
*,**
##*,,,,,#....[[z#.#
*,,****
##,,,,....###.#z#.#
*,,,,,* .+,,,,.,*,*
##.#@## *,,**,*
##,,,,,,*,* #.###.#
**,**,* ....,,,,***
##.#.## *,,,,*
#...,,,,* #.#.#.#
****** *.>.,,,,*
##.#.## **..,,,**
#.###.# *,,,,,* ##.#.##
******* #.#.#.# ##.#.##


You could see 3 wights.

Vanquished Creatures
  A bullfrog (D:3)
  2 wights (D:4)
  A hound (D:3)
  An orc wizard (D:2)
  5 adders
  7 orcs (D:2)
  5 bats
  3 endoplasms
  3 giant cockroaches
  3 goblins
  2 hobgoblins (D:1)
  5 jackals
  3 quokkas
  5 ball pythons
  5 frilled lizards
  4 kobolds
  8 rats
63 creatures vanquished.

Notes
Turn   | Place    | Note
-------+----------+-------------------------------------------
     0 | D:1      | Dorkslayer the Octopode Fighter began the quest for the
                  | Orb.
     0 | D:1      | Reached XP level 1. HP: 16/16 MP: 1/1
   154 | D:1      | Reached XP level 2. HP: 18/21 MP: 2/2
   458 | D:1      | Reached XP level 3. HP: 26/26 MP: 3/3
   517 | D:1      | You fall into a shaft and drop 1 floor!
  1109 | D:2      | Reached skill level 1 in Stealth
  1109 | D:2      | Reached skill level 3 in Unarmed Combat
  1109 | D:2      | Reached XP level 4. HP: 25/31 MP: 4/4
  1414 | D:2      | Found the +1 Delatra's gloves {ID++}
  1917 | D:3      | Noticed a bullfrog
  1923 | D:3      | Killed a bullfrog
  1924 | D:3      | Reached skill level 4 in Unarmed Combat
  1924 | D:3      | Reached XP level 5. HP: 36/36 MP: 5/5
  2472 | D:4      | Reached XP level 6. HP: 42/42 MP: 6/6
  2605 | D:4      | Found a staircase to the Ecumenical Temple.
  2617 | Temple   | Found a transporter.
  2617 | Temple   | Found a transporter.
  2617 | Temple   | Found a transporter.
  2617 | Temple   | Found a transporter.
  2617 | Temple   | Entered the Ecumenical Temple
  2638 | Temple   | Became a worshipper of Warmaster Okawaru
  2671 | D:4      | Slain by a wight

Illustrated notes

Levels and vault maps discovered:
D:1:      dpeg_arrival_shrine, layout_loops_ring
D:2:      layout_loops_ring, pf_guarded_unrand_delatra
D:3:      layout_basic
D:4:      layout_basic, grunt_temple_overflow_opulence,
          minmay_temple_entry_glass, grunt_ministairs_14, roderic_roman_lattice,
          chequers_serial_rivers_micro_a, pf_guarded_unrand_woodcutter
Temple:   hellmonk_temple_divided_pantheon

Skill      XL: |  1  2  3  4  5  6 |
---------------+-------------------+-----
Stealth        | 1 2 3 |  3.0
Unarmed Combat | 3 4 |  4.9
Fighting       | |  3.4
Dodging        | |  3.8
Shields        | |  3.5
Shapeshifting  | |  0.7

Action                     |  1- 3 |  4- 6 || total
---------------------------+-------+-------++-------
  Melee: Unarmed           |    77 |    57 ||   134
         Constrict         |    23 |    13 ||    36
         Tentacles         |    19 |    12 ||    31
         Punch             |     2 |     2 ||     4
    Use: Scroll            |       |     3 ||     3
         Potion            |       |     1 ||     1
   Stab: Sleeping          |     7 |     4 ||    11
 Armour: Skin              |    31 |    15 ||    46
  Dodge: Dodged            |    45 |    35 ||    80
  Block: Buckler           |    10 |    12 ||    22

Table legend: (Time is in decaauts)
 A = Elapsed time spent in this place.
 B = Non-inter-level travel time spent in this place.
 C = Inter-level travel time spent in this place.
 D = Time resting spent in this place.
 E = Time spent auto-exploring this place.
 F = Levels seen in this place.
 G = Mean time per level.
                   A        B        C        D        E       F      G
               +--------+--------+--------+--------+--------+-----+--------+
         Total |   2667 |   2667 |      0 |      0 |   1392 |   5 |  533.4 |
       Dungeon |   2627 |   2627 |      0 |      0 |   1392 |   4 |  656.8 |
        Temple |     39 |     39 |      0 |      0 |      0 |   1 |   39.0 |
               +--------+--------+--------+--------+--------+-----+--------+

Top non-repeatable levels by time:
     D:3: 886 daAuts
     D:1: 823 daAuts
     D:2: 747 daAuts
     D:4: 169 daAuts
  Temple: 39 daAuts
